 Dungeon Crawl Stone Soup version 0.26.1-11-gd32895ea62 (webtiles) character file.

Game seed: 994471087269301729

1876 jlumianski the Summoner (level 8, -2/33 HPs)
             Began as a Felid Summoner on May 26, 2021.
             Was a Believer of Sif Muna.
             Slain by a killer bee zombie (3 damage)
             ... on level 9 of the Dungeon.
             The game lasted 00:57:53 (11878 turns).

jlumianski the Summoner (Felid Summoner)           Turns: 11878, Time: 00:57:54

Health: -2/33      AC:  2    Str:  4    XL:     8   Next: 91%
Magic:  11/20      EV: 19    Int: 24    God:    Sif Muna [**....]
Gold:   356        SH:  5    Dex: 17    Spells: 12/22 levels left
                                        Lives:  0   Deaths: 2

rFire    . . .     SeeInvis +     - Unarmed
rCold    . . .     Faith    .   (shield unavailable)
rNeg     . . .     Spirit   .   (armour unavailable)
rPois    .         Reflect  +   (helmet unavailable)
rElec    .         Harm     .   (cloak unavailable)
rCorr    .         Rampage  .   (gloves unavailable)
Will     +....                  (boots unavailable)
Stlth    +++++.....             x - amulet of reflection
HPRegen  0.11/turn              f - ring of stealth
MPRegen  0.17/turn              r - +6 ring of intelligence

@: quick
A: very small, no armour, no weapons or thrown items, stealth, claws 1, fangs 3,
see invisible, speed 1, shaggy fur 2, sharp paws
a: Renounce Religion, Channel Magic


You were on level 9 of the Dungeon.
You worshipped Sif Muna.
Sif Muna was pleased with you.
You visited 2 branches of the dungeon, and saw 10 of its levels.

You collected 356 gold pieces.

Inventory:

Jewellery
 f - a ring of stealth (left paw)
 l - an uncursed amulet of regeneration
 m - a cursed amulet of inaccuracy
 r - a +6 ring of intelligence (right paw)
 u - an uncursed ring of fire
 x - an amulet of reflection (around neck)
 C - a +4 ring of evasion {unknown}
Wands
 w - a wand of paralysis (7)
 y - a wand of random effects (16)
 B - a wand of flame (17)
Scrolls
 b - a scroll of enchant weapon
 c - a scroll of magic mapping
 d - 6 scrolls of identify
 g - 5 scrolls of teleportation
 h - 5 scrolls of remove curse
 i - 2 scrolls of blinking
 n - 2 scrolls of fear
 q - 2 scrolls of amnesia {unknown}
 t - a scroll of enchant armour {unknown}
 v - a scroll of immolation {unknown}
 E - a scroll of noise {unknown}
 F - a scroll of holy word {unknown}
Potions
 a - 5 potions of lignification
 e - a potion of ambrosia {unknown}
 j - 8 potions of degeneration
 k - a potion of heal wounds
 o - 3 potions of mutation {unknown}
 p - a potion of magic {unknown}
 s - a potion of flight {unknown}
 z - a potion of curing {unknown}
 A - a potion of brilliance {unknown}
 D - 2 potions of attraction {unknown}
 G - a potion of cancellation {unknown}


   Skills:
 + Level 1.7 Fighting
 + Level 3.8 Dodging
 + Level 5.4 Stealth
 + Level 1.7 Unarmed Combat
 + Level 7.9 Spellcasting
 + Level 4.0 Hexes
 + Level 8.5 Summonings
 + Level 0.3 Fire Magic


You had 12 spell levels left.
You knew the following spells:

 Your Spells              Type           Power        Failure   Level
a - Summon Small Mammal   Summ           100%         1%          1
b - Call Imp              Summ           50%          1%          2
c - Call Canine Familiar  Summ           50%          1%          3
d - Summon Guardian Gole  Hex/Summ       39%          1%          3
e - Foxfire               Conj/Fire      40%          6%          1

Your spell library contained the following spells:

 Spells                   Type           Power        Failure   Level
 Beastly Appendage        Tmut           18%          7%          1
 Sting                    Tmut/Pois      36%          7%          1
 Dazzling Flash           Conj/Hex       38%          9%          3
 Poisonous Vapours        Pois/Air       18%          10%         2
 Wereblood                Tmut           9%           10%         2
 Summon Ice Beast         Ice/Summ       30%          11%         4
 Summon Lightning Spire   Summ/Air       30%          11%         4
 Conjure Flame            Conj/Fire      10%          19%         3
 Ignite Poison            Fire/Tmut/Pois 10%          19%         3
 Mephitic Cloud           Conj/Pois/Air  9%           21%         3
 Spider Form              Tmut/Pois      4%           21%         3
 Stone Arrow              Conj/Erth      18%          21%         3
 Fulminant Prism          Conj/Hex       9%           28%         4
 Hailstorm                Conj/Ice       9%           54%         4
 Ice Form                 Ice/Tmut       9%           54%         4
 Olgreb's Toxic Radiance  Pois           9%           54%         4
 Blade Hands              Tmut           4%           88%         5


Dungeon Overview and Level Annotations

Branches:
Dungeon (9/15)             Temple (1/1) D:5            Lair (0/6) D:8
    Orc: D:9-12

Altars:
Ashenzari
Cheibriados
Dithmenos
Elyvilon
Fedhas
Gozag
Hepliaklqana
Kikubaaqudgha
Nemelex Xobeh
Okawaru
Ru
Sif Muna
Trog
Uskayaw
Vehumet
Wu Jian
Xom
Yredelemnul
Zin
The Shining One


Innate Abilities, Weirdness & Mutations

You cannot wear armour.
You are incapable of wielding weapons or throwing items.
Your paws allow you to move quietly. (Stealth)
You have sharp claws.
You have razor-sharp teeth.
You have supernaturally acute eyesight. (SInv)
You cover ground quickly.
You are covered in thick fur. (AC +2)
Your sharp claws are effective at attacking unaware monsters.


Message History

The arrow closely misses the orc priest.
The arrow hits your guardian golem.
The killer bee zombie barely misses you.
You scratch the killer bee zombie but do no damage.
Your wolf bites the centaur!
The centaur dies!
Sif Muna accepts your kill.
The killer bee zombie closely misses you.
The sky beast hits your crimson imp. The sky beast shocks your crimson imp.
The orc priest invokes the aid of Beogh against you.
Beogh smites you!
* * * LOW HITPOINT WARNING * * *
Your wolf closely misses the orc priest.
The orc wizard hits your crimson imp but does no damage.
The killer bee zombie barely misses you.
Your shadow imp hits the killer bee zombie.
Your wolf closely misses the orc priest.
Your crimson imp closely misses the orc priest.
The killer bee zombie hits you.
You die...

# #.. ####
#...# ..######
......#......#.
......Z@.8(oh).
..##..5...5Y...
...........o..#
......###.....#
...#.. .....#
.. ##. ...... .
. ..... . ..#.(


You could see a sky beast (invisible), an orc priest, an orc wizard, a killer
bee zombie, a friendly guardian golem (summoned), a friendly wolf (summoned,
sheltered), a friendly crimson imp (summoned, sheltered) and a friendly shadow
imp (summoned, sheltered).

Vanquished Creatures
  Maggie (D:6)
  An ogre (D:6)
  A centaur (D:6)
  2 orc wizards
  A worker ant (D:5)
  3 adders
  2 ufetubi
  An orc (D:7)
  A giant cockroach (D:5)
  A goblin (D:3)
  A kobold (D:2)
  A rat (D:3)
16 creatures vanquished.

Vanquished Creatures (collateral kills)
  Prince Ribbit (D:6)
  Menkaure (D:4)
  4 orc warriors
  2 sky beasts
  6 ice beasts
  3 phantoms
  2 ogres
  A necrophage (D:8)
  2 centaurs
  A bullfrog (D:3)
  2 big kobolds (D:7)
  Dowan (D:6)
  3 wights (D:6)
  6 howler monkeys
  A bullfrog zombie (D:7)
  3 hounds
  Crazy Yiuf (D:6)
  3 jellies (D:7)
  3 orc priests
  5 orc wizards
  2 bullfrog skeletons
  A centaur skeleton (D:8)
  Jessica (D:2)
  2 iguanas (D:7)
  7 worker ants
  2 hound zombies
  A howler monkey skeleton (D:8)
  3 gnolls (D:4)
  8 adders
  2 river rats (D:3)
  3 white imps
  2 adder skeletons
  4 worms
  5 dart slugs
  5 leopard geckos
  27 orcs
  7 giant cockroaches
  6 goblins
  6 hobgoblins
  6 jackals
  13 kobolds
  2 quokkas
  3 ball pythons
  5 bats
  5 frilled lizards
  3 leopard gecko skeletons
  A quokka skeleton (D:8)
  A quokka zombie (D:5)
  9 rats
193 creatures vanquished.

Vanquished Creatures (others)
  A hornet (D:8)
  A wyvern (D:8)
  Duvessa (D:6)
  A worker ant (D:5)
  6 foxfires (D:8)
10 creatures vanquished.

Grand Total: 219 creatures vanquished

Notes
Turn   | Place    | Note
-------+----------+-------------------------------------------
     0 | D:1      | jlumianski the Felid Summoner began the quest for the Orb.
     0 | D:1      | Reached XP level 1. HP: 7/7 MP: 4/4
   267 | D:1      | Reached XP level 2. HP: 11/11 MP: 1/6
   270 | D:1      | Learned a level 2 spell: Call Imp
  1466 | D:2      | Found a shadowy altar of Dithmenos.
  1467 | D:2      | Found a blossoming altar of Fedhas.
  1616 | D:2      | Noticed Jessica
  1619 | D:2      | Killed Jessica
  1620 | D:2      | Reached XP level 3. HP: 14/14 MP: 1/8
  1787 | D:2      | Noticed an ice beast
  1812 | D:2      | Killed an ice beast
  1813 | D:2      | Reached XP level 4. HP: 18/18 MP: 1/10
  2243 | D:2      | Learned a level 3 spell: Call Canine Familiar
  2975 | D:3      | Noticed a bullfrog
  2986 | D:3      | Killed a bullfrog
  2987 | D:3      | Reached skill level 5 in Summonings
  2987 | D:3      | Reached XP level 5. HP: 21/21 MP: 4/11
  3775 | D:3      | Found a white marble altar of Elyvilon.
  3778 | D:3      | Found a hazy altar of Hepliaklqana.
  3781 | D:3      | Found a bloodstained altar of Trog.
  4459 | D:4      | Slain by an iguana
  4460 | D:4      | Reached XP level 4. HP: 0/18 MP: 2/11
  4517 | D:4      | Reached skill level 1 in Unarmed Combat
  4517 | D:4      | Reached XP level 5. HP: 21/21 MP: 7/12
  4638 | D:4      | Noticed a phantom
  4792 | D:4      | Killed a phantom
  4915 | D:4      | Found a sparkling altar of Nemelex Xobeh.
  5169 | D:4      | Learned a level 3 spell: Summon Guardian Golem
  5261 | D:4      | Gained mutation: You are covered in thick fur. (AC +2)
                  | [Felid growth]
  5261 | D:4      | Reached XP level 6. HP: 24/24 MP: 2/13
  5430 | D:4      | Found a sacrificial altar of Ru.
  5539 | D:5      | Entered Level 5 of the Dungeon
  5552 | D:5      | Noticed Menkaure
  5573 | D:4      | Killed Menkaure
  5664 | D:5      | Reached skill level 5 in Spellcasting
  5874 | D:5      | Noticed a sky beast
  5889 | D:5      | Killed a sky beast
  5890 | D:5      | Reached skill level 6 in Summonings
  6320 | D:5      | Found a staircase to the Ecumenical Temple.
  6334 | Temple   | Entered the Ecumenical Temple
  6416 | Temple   | Became a worshipper of Sif Muna the Loreminder
  6831 | D:5      | Reached XP level 7. HP: 27/27 MP: 12/15
  7526 | D:6      | Reached skill level 1 in Fighting
  8048 | D:6      | Noticed Maggie
  8067 | D:6      | Killed Maggie
  8068 | D:6      | Reached skill level 1 in Hexes
  8068 | D:6      | Reached XP level 8. HP: 16/33 MP: 10/18
  8193 | D:6      | Reached skill level 7 in Summonings
  8253 | D:6      | Reached * piety under Sif Muna
  8277 | D:6      | Noticed Duvessa
  8285 | D:6      | Noticed Prince Ribbit
  8310 | D:6      | Killed Duvessa
  8311 | D:6      | Mangled by Prince Ribbit
  8312 | D:6      | Reached XP level 7. HP: -7/29 MP: 13/17
  8341 | D:6      | Noticed Dowan
  8351 | D:6      | Killed Dowan
  8366 | D:6      | Killed Prince Ribbit
  8504 | D:6      | Found a runed translucent door.
  8505 | D:6      | Noticed Crazy Yiuf
  8521 | D:6      | Killed Crazy Yiuf
  9035 | D:7      | Found an opulent altar of Gozag.
  9132 | D:7      | Reached XP level 8. HP: 33/33 MP: 11/19
  9399 | D:7      | Found a glowing golden altar of the Shining One.
  9771 | D:7      | Reached ** piety under Sif Muna
  9772 | D:7      | Reached skill level 8 in Summonings
 10457 | D:8      | Identified Weskoorph's Papyrus of Fiery Arcane Weapons
 10462 | D:8      | Learned a level 1 spell: Foxfire
 11052 | D:8      | Found a staircase to the Lair.
 11399 | D:8      | Noticed a hornet
 11423 | D:8      | Killed a hornet
 11424 | D:8      | Reached skill level 5 in Stealth
 11594 | D:8      | Found a basalt altar of Yredelemnul.
 11877 | D:9      | HP: 1/33 [orc priest/divine providence (9)]
 11878 | D:9      | Slain by a killer bee zombie

Illustrated notes

Levels and vault maps discovered:
D:1:      nzn_arrival_depleted_hourglass, layout_basic, hangedman_decor_lopped
D:2:      layout_rooms, chequers_temple_overflow_statue_of_worship, uniq_jessica
D:3:      layout_basic, grunt_temple_overflow_diamond, portal_sewer_entry_e,
          chequers_serial_rivers_room_a, st_stairs_13
D:4:      layout_loops_cross, lemuel_coloured_pillars_altar,
          nemelex_xobeh_ov_fountains_minmay, nrook_mini_backslash
D:5:      layout_layer_cave, minmay_temple_entry_tees, uniq_menkaure
D:6:      layout_rooms, uniq_maggie, uniq_crazy_yiuf_cottage,
          uniq_prince_ribbit1, uniq_duvessa
D:7:      layout_layer_cave, kennysheep_mini, nicolae_gozag_seed_capital
D:8:      layout_loops_ring, yredelemnul_altar_generic, lair_entry_dummy
D:9:      layout_cave_pools, general_overflow_altar, lemuel_crystal_altar,
          david_orc_1_choice, serial_park, serial_park_tiny_1, uniq_pikel,
          uniq_psyche
Temple:   eino_wide_crystal_templ

Skill      XL: |  1  2  3  4  5  6  7  8 |
---------------+-------------------------+-----
Spellcasting   | 3 4 5 7 |  7.9
Summonings     | 5 6 8 |  8.5
Unarmed Combat | 1 |  1.7
Dodging        | 3 |  3.8
Stealth        | 3 4 5 |  5.4
Fighting       | 1 |  1.7
Hexes          | 1 4 |  4.0
Fire Magic     | |  0.3

Action                   |  1- 3 |  4- 6 |  7- 9 || total
-------------------------+-------+-------+-------++-------
Melee: Unarmed           |     5 |    32 |    39 ||    76
       Punch             |       |     1 |     1 ||     2
       Bite              |       |       |     5 ||     5
 Cast: Summon Small Mamm |    52 |    23 |     9 ||    84
       Call Imp          |    18 |    56 |    53 ||   127
       Call Canine Famil |       |    35 |    36 ||    71
       Summon Guardian G |       |     7 |    38 ||    45
       Foxfire           |       |       |     4 ||     4
  Use: Scroll            |     2 |    10 |     2 ||    14
       Potion            |       |     3 |     1 ||     4
 Stab: Sleeping          |       |     6 |     9 ||    15
       Distracted        |       |     3 |     2 ||     5
Armor: Skin              |     2 |     2 |     2 ||     6
Dodge: Dodged            |    16 |    54 |    63 ||   133
Block: Other             |       |       |     1 ||     1
       Reflection        |       |       |     1 ||     1
